 Dungeon Crawl Stone Soup version 0.22-a0-580-gd5db89c (webtiles) character file.

1074 sking99 the Grappler (level 8, -3/75 HPs)
             Began as a Troll Monk on July 2, 2018.
             Was a Priest of Elyvilon.
             Slain by an orc warrior
             ... wielding a +0 scimitar
              (12 damage)
             ... on level 6 of the Dungeon.
             The game lasted 00:13:07 (4565 turns).

sking99 the Grappler (Troll Monk)                   Turns: 4565, Time: 00:13:07

Health: -3/75      AC:  6    Str: 20    XL:     8   Next: 7%
Magic:  7/7        EV: 11    Int:  3    God:    Elyvilon [***...]
Gold:   249        SH:  0    Dex: 14    Spells: 7/7 levels left

rFire    . . .     SeeInvis +     - Unarmed
rCold    . . .     Gourm    +   (no shield)
rNeg     . . .     Faith    .   a - +1 robe
rPois    .         Spirit   .   (helmet restricted)
rElec    .         Reflect  .   (no cloak)
rCorr    .         Harm     .   (gloves unavailable)
MR       .....                  (boots unavailable)
Stlth    ++........             (no amulet)
HPRegen  0.62/turn              q - ring of see invisible
MPRegen  0.10/turn              n - -3 ring of intelligence (curse)

@: no status effects
A: large, unfitting armour, claws 3, fast metabolism 3, gourmand, regeneration
1, shaggy fur 1, tough skin 2
a: Lesser Healing, Heal Other, Purification, Divine Protection, Renounce
Religion


You were on level 6 of the Dungeon.
You worshipped Elyvilon.
Elyvilon was most pleased with you.
You were very full.

You visited 2 branches of the dungeon, and saw 7 of its levels.

You collected 249 gold pieces.

Inventory:

Missiles
 i - 195 stones (quivered)
Armour
 a - a +1 robe (worn)
 p - a +0 large shield
Jewellery
 h - an uncursed ring of resist corrosion
 n - a cursed -3 ring of intelligence (right claw)
 q - a ring of see invisible (left claw)
Wands
 l - a wand of polymorph (7)
 m - a wand of flame (42)
 r - a wand of iceblast (10)
Scrolls
 c - a scroll of identify
 d - 4 scrolls of teleportation
 e - a scroll of random uselessness {unknown}
 j - a scroll of blinking
 u - a scroll of fear {unknown}
Potions
 f - a potion of cancellation {unknown}
 g - a potion of might
 k - a potion of lignification {unknown}
 s - a potion of brilliance {unknown}
 t - a potion of heal wounds
Comestibles
 b - 7 rations


   Skills:
 - Level 3.2 Fighting
 - Level 2.7 Dodging
 - Level 1.0 Stealth
 + Level 2.9 Shields
 * Level 8.6 Unarmed Combat


You had 7 spell levels left.
You didn't know any spells.
Your spell library was empty.

Dungeon Overview and Level Annotations

Branches:
Dungeon (6/15)             Temple (1/1) D:4

Altars:
Ashenzari
Dithmenos
Elyvilon
Gozag
Kikubaaqudgha
Makhleb
Nemelex Xobeh
Qazlal
Ru
Sif Muna
Trog
Uskayaw
Vehumet
Yredelemnul
Zin
The Shining One


Innate Abilities, Weirdness & Mutations

You are too large for most types of armour.
You have claws for hands.
Your metabolism is lightning-fast.
You like to eat raw meat.
Your natural rate of healing is unusually fast.
You are covered in fur. (AC +1)
You have very tough skin. (AC +2)


Message History

You claw the orc warrior!
The orc warrior is almost dead.
The orc warrior hits you with a scimitar!
You barely miss the orc warrior.
The orc warrior is almost dead.
The orc warrior hits you with a scimitar!
* * * LOW HITPOINT WARNING * * *
You feel yourself speed up. The orc warrior closely misses you.
Items here: )) [ †† a short sword; a dagger; a robe; an orc corpse x2
The orc hits you with a hand axe!
* * * LOW HITPOINT WARNING * * *
You barely miss the orc. Your claw misses the orc.
The orc hits you with a hand axe.
* * * LOW HITPOINT WARNING * * *
You scratch the orc.
The orc is almost dead.
The orc warrior hits you with a scimitar!
You die...

##...## .#.##.#
##.....##
...#.####.......##
##.....##.........#
#.......+)........+
#.....##.<.......#
#....###.......##
#####....####.....##
#......@..# ##...##
#.###.oo..# ##'##
#o###)# #.#
#.###.#####.#
#...o....##.##
#####.##.#...##
........##......#
#########......##
#...#.##


You could see an orc warrior and 2 orcs.

Vanquished Creatures
  Sigmund (D:2)
  An orc warrior (D:5)
  A sky beast (D:5)
  A phantom (D:4)
  A centaur (D:5)
  3 orc priests
  An iguana (D:4)
  4 orc wizards
  Natasha (thrice) (D:2)
  3 worker ants (D:4)
  Robin (D:2)
  7 adders
  2 oozes
  An adder skeleton (D:3)
  3 worms
  A dart slug (D:3)
  4 leopard geckos
  9 orcs
  6 bats
  5 giant cockroaches
  12 goblins
  5 hobgoblins
  3 jackals (D:3)
  2 quokkas
  2 ball pythons (D:2)
  A frilled lizard (D:1)
  A jackal zombie (D:5)
  5 kobolds
  16 rats
105 creatures vanquished.

Notes
Turn   | Place    | Note
-------+----------+-------------------------------------------
     0 | D:1      | sking99 the Troll Monk began the quest for the Orb.
     0 | D:1      | Reached XP level 1. HP: 22/22 MP: 0/0
   156 | D:1      | Reached XP level 2. HP: 26/29 MP: 1/1
   808 | D:2      | Reached skill level 4 in Unarmed Combat
   808 | D:2      | Reached XP level 3. HP: 32/36 MP: 2/2
   909 | D:2      | Noticed Sigmund
   909 | D:2      | Noticed Natasha
  1014 | D:2      | Found a glowing silver altar of Zin.
  1203 | D:2      | HP: 1/36 [Sigmund/scythe (4)]
  1205 | D:2      | Killed Sigmund
  1205 | D:2      | Reached skill level 5 in Unarmed Combat
  1205 | D:2      | Reached XP level 4. HP: 2/45 MP: 3/3
  1205 | D:2      | Reached XP level 5. HP: 3/53 MP: 4/4
  1250 | D:2      | Noticed Robin
  1334 | D:2      | Killed Natasha
  1334 | D:2      | Reached skill level 6 in Unarmed Combat
  1379 | D:2      | Killed Robin
  1405 | D:2      | Noticed Natasha
  1408 | D:2      | Killed Natasha
  1408 | D:2      | Reached XP level 6. HP: 61/61 MP: 5/5
  1414 | D:2      | Noticed Natasha
  1425 | D:2      | Killed Natasha
  1501 | D:2      | Found a shattered altar of Ashenzari.
  2046 | D:3      | Found a burning altar of Makhleb.
  2593 | D:4      | Found a staircase to the Ecumenical Temple.
  2602 | Temple   | Entered the Ecumenical Temple
  2807 | Temple   | Became a worshipper of Elyvilon the Healer
  2807 | Temple   | Reached * piety under Elyvilon
  2807 | Temple   | Reached ** piety under Elyvilon
  3033 | D:4      | Reached skill level 1 in Shields
  3033 | D:4      | Reached skill level 7 in Unarmed Combat
  3302 | D:4      | Reached XP level 7. HP: 62/67 MP: 6/6
  3542 | D:4      | Noticed a moth of wrath
  3545 | D:4      | Found a bloodstained altar of Trog.
  3768 | D:5      | Entered Level 5 of the Dungeon
  3878 | D:5      | Reached *** piety under Elyvilon
  3978 | D:5      | Found a hide-covered altar of Uskayaw.
  4071 | D:5      | Reached skill level 8 in Unarmed Combat
  4204 | D:5      | Reached XP level 8. HP: 57/75 MP: 7/7
  4482 | D:5      | Found a sparkling altar of Nemelex Xobeh.
  4482 | D:5      | Found an opulent altar of Gozag.
  4565 | D:6      | Slain by an orc warrior

Vault maps used:
D:1:      dpeg_arrival_radiant, feat_on_display
D:2:      zin_academy, nicolae_overflow_hidden_temple, uniq_robin, uniq_sigmund,
          uniq_natasha
D:3:      bloody_makhleb, first_ration, st_stairs_4
D:4:      temple_pool_b, tgw_trog
D:5:      grunt_temple_overflow_opulence, old_standard_altar, moated_statue
D:6:      serial_shops, shop, uniq_edmund, uniq_menkaure, uniq_duvessa
Temple:   jpeg_temple_alley_garden

Skill      XL: |  1  2  3  4  5  6  7 |
---------------+----------------------+-----
Unarmed Combat | 4 5 6 7 8 |  8.6
Fighting       | 3 |  3.2
Shields        | 1 2 |  2.9
Dodging        | |  2.7
Stealth        | |  1.0

Action                   |  1- 3 |  4- 6 |  7- 9 || total
-------------------------+-------+-------+-------++-------
Melee: Unarmed           |    82 |   147 |    83 ||   312
       Punch             |     4 |     3 |     1 ||     8
Invok: Lesser Healing    |       |       |     3 ||     3
       Heal Other        |       |       |     1 ||     1
  Use: Potion            |     2 |       |       ||     2
       Scroll            |       |     8 |       ||     8
 Stab: Sleeping          |     4 |     2 |     1 ||     7
       Distracted        |       |     1 |       ||     1
  Eat: Chunk             |    16 |    19 |    12 ||    47
Armor: Robe              |    35 |    40 |    13 ||    88
Dodge: Dodged            |    24 |    63 |    30 ||   117

Table legend:
 A = Spawn XP
 B = Non-spawn XP
 C = Spawn XP percentage of total XP
 D = Spawn monster count
 E = Non-spawn monster count
 F = Spawn count percentage of total count
 G = Total turns spent on level
                    A         B        C        D         E        F      G
               +---------+---------+-------+---------+---------+-------+---------
         Total |       0 |    1535 |   0.0 |       0 |     105 |   0.0 |  4565
               +---------+---------+-------+---------+---------+-------+---------
           D:1 |       0 |      31 |   0.0 |       0 |      17 |   0.0 |   756
           D:2 |       0 |     418 |   0.0 |       0 |      23 |   0.0 |   949
           D:3 |       0 |     101 |   0.0 |       0 |      25 |   0.0 |   855
           D:4 |       0 |     437 |   0.0 |       0 |      19 |   0.0 |   973
           D:5 |       0 |     505 |   0.0 |       0 |      19 |   0.0 |   742
           D:6 |       0 |      43 |   0.0 |       0 |       2 |   0.0 |    55
               +---------+---------+-------+---------+---------+-------+---------
